cohdb
Replays
Latest Replays
All Replays
Popular Replays
Top Player Replays
Match Explorer
How It Works
Community
CoH3 Stats
Reddit
Sign in to upload your games and track your stats! →
Sign in with Steam
Match 40011738
Unlisted
Match 40011738
Overview
Messages
Build Orders
End
Construct Section Command Post
Infantry Section
Selects Canadian Shock Battlegroup
ML 3-inch Mortar Team
Royal Engineer Section
Infantry Section
Selects Incendiary Munitions
Grenade Package
Infantry Section
Construct Platoon Command Post
Selects Pyrotechnics
Particycles
banksss33
ILuvSilicon
Gaster
조영
Пукич
0
0
Comments
sign in to comment!
No comments posted yet!